 Dungeon Sprint DCSS version 0.22.1-2-g9c5b331383 (webtiles) character file.

113 Groucho the Cudgeler (level 4, 0/49 HPs)
             Began as a Troll Berserker on Nov 14, 2018.
             Was an Elder of Trog.
             Slain by a hippogriff (6 damage)
             ... in the Dungeon (Sprint IX: "|||||||||||||||||||||||||||||").
             The game lasted 00:01:48 (548 turns).

Groucho the Cudgeler (Troll Berserker)               Turns: 548, Time: 00:01:49

Health: 0/49       AC:  8    Str: 28    XL:     4   Next: 65%
Magic:  3/3        EV: 11    Int:  3    God:    Trog [****..]
Gold:   0          SH:  0    Dex: 10    Spells: 3/3 levels left

rFire    . . .     SeeInvis .   m - +2 morningstar (crush)
rCold    . . .     Gourm    +   (no shield)
rNeg     . . .     Faith    .   b - +0 animal skin
rPois    .         Spirit   .   (helmet restricted)
rElec    .         Reflect  .   a - +0 cloak
rCorr    .         Harm     .   (gloves unavailable)
MR       ++...     NoTele   +   (boots unavailable)
Stlth    +.........             (no amulet)
HPRegen  1.56/turn              n - +3 ring of strength
MPRegen  0.08/turn              o - +2 ring of protection

@: regenerating
A: large, unfitting armour, claws 3, fast metabolism 3, gourmand, regeneration
1, shaggy fur 1, tough skin 2
a: Berserk, Trog's Hand, Brothers in Arms, Renounce Religion


You were in the Dungeon.
You worshipped Trog.
Trog was greatly pleased with you.
You were not hungry.

You visited 1 branch

Inventory:

Hand Weapons
 m - a +2 morningstar of crushing (weapon)
Armour
 a - a +0 cloak (worn)
 b - a +0 animal skin (worn)
Jewellery
 n - a +3 ring of strength (left claw)
 o - a +2 ring of protection (right claw)
Wands
 l - a wand of acid (10)
Scrolls
 i - 2 scrolls of blinking
 k - 3 scrolls of remove curse
Potions
 d - 5 potions of curing
 e - 2 potions of heal wounds
 f - a potion of haste
 g - 4 potions of magic
 h - a potion of berserk rage
 j - a potion of invisibility
Comestibles
 c - a ration


   Skills:
 + Level 4.5 Fighting
 + Level 5.0 Maces & Flails
 + Level 4.5 Dodging
 + Level 4.3 Unarmed Combat


You had 3 spell levels left.
You didn't know any spells.
Your spell library was empty.

Dungeon Overview and Level Annotations

Branches:
Dungeon (1/1)

Altars:
Cheibriados
Dithmenos
Elyvilon
Fedhas
Gozag
Hepliaklqana
Kikubaaqudgha
Makhleb
Nemelex Xobeh
Okawaru
Qazlal
Ru
Sif Muna
Trog
Uskayaw
Vehumet
Wu Jian
Xom
Yredelemnul
Zin
The Shining One
Beogh
Jiyva
Lugonu


Innate Abilities, Weirdness & Mutations

You are too large for most types of armour.
You have claws for hands.
Your metabolism is lightning-fast.
You like to eat raw meat.
Your natural rate of healing is unusually fast.
You are covered in fur. (AC +1)
You have very tough skin. (AC +2)


Message History

The hippogriff bites you but does no damage.
The hippogriff pecks you! The hippogriff barely misses you.
You closely miss the hippogriff.
The hippogriff is lightly wounded.
You feel the effects of Trog's Hand fading.
The hippogriff closely misses you. x2; The hippogriff claws you.
Unknown command.
You hit the hippogriff.
The hippogriff is moderately wounded.
The hippogriff bites you!
The hippogriff pecks you but does no damage.
The hippogriff claws you.
You impale the hippogriff!!
The hippogriff is severely wounded.
The hippogriff bites you!
* * * LOW HITPOINT WARNING * * *
The hippogriff barely misses you. x2; The hippogriff bites you!
* * * LOW HITPOINT WARNING * * *
The hippogriff pecks you.
You die... ▓▓▓▓▓▓▓▓▓▓▓▓▓▓▓▓▓▓▓▓▓▓▓▓ ..HzaOH@.[.[)|?.'_______ ▓▓▓▓▓▓▓▓▓▓▓▓▓▓▓▓▓▓▓▓▓▓▓▓

You could see 2 hippogriffs, an ogre, a worker ant and a wight.

Vanquished Creatures
  A bullfrog (D)
  A hound (D)
  An adder (D)
  A leopard gecko (D)
  A hobgoblin (D)
  A quokka (D)
  A bat (D)
  A kobold (D)
  A leopard gecko zombie (D)
  2 rats (D)
11 creatures vanquished.

Notes
Turn   | Place    | Note
-------+----------+-------------------------------------------
     0 | D        | Groucho the Troll Berserker began the quest for the Orb.
     0 | D        | Reached XP level 1. HP: 22/22 MP: 0/0
    12 | D        | Reached ** piety under Trog
    12 | D        | Reached skill level 3 in Maces & Flails
    12 | D        | Reached skill level 1 in Unarmed Combat
   208 | D        | Noticed a hound
   216 | D        | Reached *** piety under Trog
   216 | D        | Reached XP level 2. HP: 18/31 MP: 1/1
   227 | D        | Reached skill level 4 in Maces & Flails
   227 | D        | Reached XP level 3. HP: 11/39 MP: 2/2
   483 | D        | Found a roughly hewn altar of Beogh.
   483 | D        | Found a snail-covered altar of Cheibriados.
   483 | D        | Found a shadowy altar of Dithmenos.
   483 | D        | Found a white marble altar of Elyvilon.
   483 | D        | Found a blossoming altar of Fedhas.
   483 | D        | Found an opulent altar of Gozag.
   484 | D        | Found a hazy altar of Hepliaklqana.
   485 | D        | Found a viscous altar of Jiyva.
   486 | D        | Found an ancient bone altar of Kikubaaqudgha.
   487 | D        | Found a corrupted altar of Lugonu.
   488 | D        | Found a burning altar of Makhleb.
   489 | D        | Found a sparkling altar of Nemelex Xobeh.
   490 | D        | Found an iron altar of Okawaru.
   491 | D        | Found a stormy altar of Qazlal.
   492 | D        | Found a sacrificial altar of Ru.
   493 | D        | Found a deep blue altar of Sif Muna.
   494 | D        | Found a bloodstained altar of Trog.
   495 | D        | Found a hide-covered altar of Uskayaw.
   496 | D        | Found a radiant altar of Vehumet.
   497 | D        | Found an ornate altar of the Wu Jian Council.
   498 | D        | Found a shimmering altar of Xom.
   499 | D        | Found a basalt altar of Yredelemnul.
   500 | D        | Found a glowing silver altar of Zin.
   501 | D        | Found a glowing golden altar of the Shining One.
   536 | D        | Noticed a hippogriff
   536 | D        | Noticed an ogre
   536 | D        | Noticed a hippogriff
   536 | D        | Noticed a bullfrog
   543 | D        | Killed a bullfrog
   543 | D        | Reached **** piety under Trog
   543 | D        | Reached skill level 5 in Maces & Flails
   543 | D        | Reached XP level 4. HP: 19/49 MP: 3/3
   548 | D        | Slain by a hippogriff

Skill      XL: |  1  2  3 |
---------------+----------+-----
Maces & Flails | 3 4 5 |  5.0
Unarmed Combat | 2 3 4 |  4.3
Fighting       | 3 4 |  4.5
Dodging        | 3 4 |  4.5

Action                   |  1- 3 |  4- 6 || total
-------------------------+-------+-------++-------
Melee: Mace              |    37 |       ||    37
       Morningstar       |     6 |     4 ||    10
       Punch             |     1 |       ||     1
Invok: Trog's Hand       |     1 |       ||     1
  Use: Potion            |       |     1 ||     1
 Stab: Distracted        |     1 |       ||     1
  Eat: Ration            |     1 |       ||     1
Armor: Animal skin       |    18 |     3 ||    21
Dodge: Dodged            |    23 |     7 ||    30
